 Dungeon Crawl Stone Soup version 0.28-a0-1374-ga75cb3825e (webtiles) character file.

Game seed: 2114516673388362333

138 esteth the Digger (level 5, -2/28 HPs)
             Began as a Gargoyle Earth Elementalist on Dec 31, 2021.
             Slain by a rat (3 damage)
             ... in a sewer.
             The game lasted 00:08:17 (3585 turns).

esteth the Digger (Gargoyle Earth Elementalist)     Turns: 3585, Time: 00:08:17

Health: -2/28      AC:  9    Str: 12    XL:     5   Next: 21%
Magic:  2/8        EV: 12    Int: 17    God:
Gold:   59         SH:  0    Dex: 10    Spells: 5/8 levels left

rFire   . . .      SeeInvis .   f - +0 club
rCold   + . .      Faith    .   (no shield)
rNeg    + . .      Spirit   .   a - +2 robe {rC+}
rPois   ∞          Reflect  .   d - +1 hat
rElec   +          Harm     .   (no cloak)
rCorr   .          Rampage  .   (no gloves)
Will    .....                   (no boots)
Stlth   ++........              (no amulet)
HPRegen 0.09/turn               (no ring)
MPRegen 0.11/turn               (no ring)

@: hasted, very quick
A: sickness immunity, AC +4, negative energy resistance 1, electricity
resistance, torment resistance 1, petrification resistance
a: no special abilities


You were in a sewer.
You visited 1 branch of the dungeon, and saw 3 of its levels.
You also visited: Sewer.

You collected 59 gold pieces.

Inventory:

Hand Weapons
 f - a +0 club (weapon)
Missiles
 k - 16 sling bullets
 m - 14 stones
Armour
 a - a +2 robe of cold resistance (worn)
 b - a +0 robe
 d - a +1 hat (worn)
Potions
 i - 2 potions of flight
 l - a potion of cancellation {unknown}


   Skills:
 - Level 1.7 Dodging
 - Level 2.3 Stealth
 - Level 2.3 Spellcasting
 - Level 1.0 Transmutations
 + Level 6.5 Earth Magic


You had 5 spell levels left.
You knew the following spells:

 Your Spells              Type           Power      Damage    Failure   Level
a - Sandblast             Erth           48%        2d12      1%          1
b - Passwall              Tmut/Erth      11%        N/A       6%          2

Your spell library contained the following spells:

 Spells                   Type           Power      Damage    Failure   Level
 Stone Arrow              Conj/Erth      26%        3d8       16%         3
 Petrify                  Tmut/Erth      14%        N/A       38%         4
 Irradiate                Conj/Tmut      1%         3d14      99%         5
 Sublimation of Blood     Necr           Unusable   N/A       N/A         2

Dungeon Overview and Level Annotations

Branches:
Dungeon (3/15)              Sewer (1/1)

Altars:

Shops:
D:2 [

Annotations:
D:1 exclusion: 2 downstairs
D:2 Sigmund


Innate Abilities, Weirdness & Mutations

You are immune to sickness and miasma.
Your stone body is resilient. (AC +4)
You are immune to poison.
You resist negative energy. (rN+)
You are resistant to electric shocks. (rElec)
You are resistant to unholy torment.
You are immune to petrification.


Message History

Confirm with . or Enter, or press ? or * to list all spells.
Aiming: Sandblast (safe; 1% risk of failure)
Press: ? - help, Shift-Dir - straight line, f/p - river rat
Aim: a river rat (moderately wounded, 78% to hit)
The blast of sand hits the river rat!
You kill the river rat!
The river rat bites you.
Casting: Sandblast (safe; 1% risk of failure)
Confirm with . or Enter, or press ? or * to list all spells.
Aiming: Sandblast (safe; 1% risk of failure)
Press: ? - help, Shift-Dir - straight line, f - rat
Aim: a rat (81% to hit)
The blast of sand hits the rat!
You kill the rat!
Your surroundings suddenly seem different. 4 rats and a river rat come into view.
As you open the door, it creaks loudly! 3 kobolds come into view.
The kobold shouts! x2
The kobold throws a stone.
The stone barely misses you.
The stone closely misses the rat.
The kobold unwields a +0 short sword.
The kobold wields a +0 hand crossbow.
The kobold shoots a bolt.
The bolt hits you.
* * * LOW HITPOINT WARNING * * *
Found a fuming pink potion.
The rat closely misses you.
As you read the scroll labelled FINOTT HUYNARE, it crumbles to dust.
You feel a surge of unholy energy.
The river rat convulses!
It was a scroll of torment.
The rat bites you.
* * * LOW HITPOINT WARNING * * *
The rat bites you.
* * * LOW HITPOINT WARNING * * *
As you read the scroll labelled ODIABU BEEDD, it crumbles to dust.
The creatures around you are filled with an inner flame!
It was a scroll of immolation.
The kobold closely misses you. The rat closely misses you. The rat bites you.
* * * LOW HITPOINT WARNING * * *
It was a potion of haste.
You feel yourself speed up. The kobold completely misses you.
The rat barely misses you. The rat bites you.
You die...

#....≈≈≈≈≈
##.....≈≈≈≈≈
#.....≈≈≈≈≈≈
#.....≈≈≈≈≈≈
#.....≈≈≈≈≈≈
#...≈≈≈≈≈≈≈
#r..≈≈≈≈≈≈≈
#rrr.≈≈≈≈≈≈
##@r≈≈≈≈≈≈≈
##K###≈≈≈≈
.K.. ≈≈≈
..K..# ≈
##...##
..... ..#.!#
### ###


You could see a river rat (inner flame), 3 kobolds and 4 rats.

Vanquished Creatures
  5 adders
  2 river rats (Sewer)
  2 dart slugs (D:1)
  An orc (D:3)
  5 ball pythons
  4 bats
  6 endoplasms (D:1)
  8 giant cockroaches
  6 goblins
  3 hobgoblins (D:1)
  7 jackals (D:2)
  2 kobolds
  3 quokkas
  5 frilled lizards
  7 rats
66 creatures vanquished.

Notes
Turn   | Place    | Note
-------+----------+-------------------------------------------
     0 | D:1      | esteth the Gargoyle Earth Elementalist began the quest for
                  | the Orb.
     0 | D:1      | Reached XP level 1. HP: 10/10 MP: 3/3
   329 | D:1      | Reached skill level 1 in Transmutations
   329 | D:1      | Reached XP level 2. HP: 13/15 MP: 1/5
   613 | D:1      | Reached skill level 4 in Earth Magic
   751 | D:1      | Reached XP level 3. HP: 16/19 MP: 6/6
  1726 | D:2      | Found a faded altar of an unknown god.
  1733 | D:2      | Noticed Sigmund
  1792 | D:2      | Reached skill level 5 in Earth Magic
  1853 | D:2      | Learned a level 2 spell: Passwall
  1972 | D:2      | Reached XP level 4. HP: 12/24 MP: 4/7
  2136 | D:2      | Found Ciexzadoa's Antique Armour Emporium.
  2673 | D:2      | Reached skill level 6 in Earth Magic
  3493 | D:3      | Reached XP level 5. HP: 26/28 MP: 6/8
  3502 | D:3      | Found a glowing drain.
  3507 | Sewer    | Entered a sewer
  3584 | Sewer    | HP: 1/28 [rat (2)]
  3585 | Sewer    | Slain by a rat

Illustrated notes

Levels and vault maps discovered:
D:1:      lemuel_arrival_funnel, layout_basic
D:2:      layout_basic, basic_ecumenical_altar, serial_shops, shop,
          grunt_ministairs_12, lemuel_another_geyser, uniq_sigmund
D:3:      layout_loops_cross, gup_sewer_entry_bowl
Sewer:    sewer_minmay_treatment

Skill      XL: |  1  2  3  4 |
---------------+-------------+-----
Transmutations | 1 |  1.0
Earth Magic    | 4 5 6 |  6.5
Dodging        | |  1.7
Stealth        | |  2.3
Spellcasting   | |  2.3

Action                   |  1- 3 |  4- 6 || total
-------------------------+-------+-------++-------
Melee: Unarmed           |    31 |       ||    31
       Club              |    91 |    95 ||   186
 Cast: Sandblast         |    34 |    27 ||    61
  Use: Scroll            |     3 |     4 ||     7
       Potion            |     4 |     2 ||     6
 Stab: Sleeping          |     2 |     3 ||     5
Armor: Robe              |    75 |    79 ||   154
Dodge: Dodged            |   134 |   141 ||   275

Table legend: (Time is in decaauts)
 A = Elapsed time spent in this place.
 B = Non-inter-level travel time spent in this place.
 C = Inter-level travel time spent in this place.
 D = Time resting spent in this place.
 E = Time spent auto-exploring this place.
 F = Levels seen in this place.
 G = Mean time per level.
                   A        B        C        D        E       F      G
               +--------+--------+--------+--------+--------+-----+--------+
         Total |   3656 |   3484 |    172 |   1604 |    992 |   4 |  914.0 |
       Dungeon |   3578 |   3406 |    172 |   1568 |    987 |   3 | 1192.7 |
         Sewer |     78 |     78 |      0 |     36 |      5 |   1 |   78.0 |
               +--------+--------+--------+--------+--------+-----+--------+

Top non-repeatable levels by time:
     D:1: 2031 daAuts
     D:2: 1295 daAuts
     D:3: 251 daAuts
   Sewer: 78 daAuts
